 Dungeon Crawl Stone Soup version 0.31.0-11-ge490571c62 (webtiles) character file.

Game seed: 3861170654374635118

2437 sasquatch the Thaumaturge (level 9, -4/45 HPs)
             Began as a Deep Elf Necromancer on Jan 26, 2024.
             Was a Follower of Kikubaaqudgha.
             Engulfed by a steam dragon's steam (8 damage)
             ... on level 7 of the Dungeon.
             The game lasted 00:21:48 (6393 turns).

sasquatch the Thaumaturge (Deep Elf Necromancer)    Turns: 6393, Time: 00:21:48

Health: -4/45      AC:  3    Str:  5    XL:     9   Next: 25%
Magic:  19/25      EV: 15    Int: 25    God:    Kikubaaqudgha [*.....]
Gold:   414        SH:  0    Dex: 15    Spells: 9/28 levels left

rFire   . . .        b - staff of death
rCold   . . .        (no shield)
rNeg    + . .        w - +0 robe
rPois   .            (no helmet)
rElec   .            d - +0 cloak
rCorr   .            (no gloves)
SInv    .            (no boots)
Will    .....        (no amulet)
Stlth   ++           j - ring of flight
HPRegen 0.27/turn    (no ring)
MPRegen 0.19/turn

%: no passive effects
@: flying
A: no striking features
a: Renounce Religion, Unearth Wretches


You were on level 7 of the Dungeon.
You worshipped Kikubaaqudgha.
Kikubaaqudgha was aware of your devotion.
You visited 2 branches of the dungeon, and saw 8 of its levels.

You collected 414 gold pieces.

Inventory:

Hand Weapons
 a - a +4 rapier of venom
Missiles
 p - 5 poisoned darts
Armour
 d - a +0 cloak (worn)
 w - a +0 robe (worn)
Magical Staves
 b - a staff of death (weapon)
Jewellery
 j - a ring of flight (left hand)
Wands
 y - a wand of polymorph (4)
 z - a wand of acid (8)
Scrolls
 e - a scroll of fear {unknown}
 f - a scroll of blinking {unknown}
 l - 2 scrolls of brand weapon {unknown}
 r - a scroll of revelation {unknown}
 s - 2 scrolls of poison {unknown}
 A - a scroll of silence {unknown}
Potions
 c - 4 potions of curing
 g - 2 potions of lignification
 h - a potion of resistance
 i - a potion of might
 k - 2 potions of haste
 m - a potion of attraction {unknown}
 n - 2 potions of degeneration {unknown}
 o - a potion of berserk rage {unknown}
 q - 2 potions of magic
 t - a potion of enlightenment {unknown}
 u - a potion of brilliance {unknown}
 v - a potion of invisibility {unknown}
 x - a potion of cancellation {unknown}


   Skills:
 + Level 6.1 Dodging
 - Level 2.4 Stealth
 - Level 10.0 Spellcasting
 - Level 4.0 Conjurations
 + Level 9.8 Necromancy
 - Level 4.0 Earth Magic


You had 9 spell levels left.
You knew the following spells:

 Your Spells              Type           Power      Damage    Failure   Level
a - Necrotise             Necr           100%       1d9       1%          1
b - Sandblast             Erth           64%        2d14      1%          1
c - Animate Dead          Necr           75%        N/A       1%          4
d - Vampiric Draining     Necr           75%        2d11      1%          3
e - Stone Arrow           Conj/Erth      64%        3d11      2%          3
f - Passwall              Erth           32%        N/A       2%          3
g - Dispel Undead         Necr           75%        3d25      1%          4

Your spell library contained the following spells:

 Spells                   Type           Power      Damage    Failure   Level
 Kiss of Death            Conj/Necr      100%       2d13      1%          1
 Cigotuvi's Dreadful Rot  Necr/Alch/Air  86%        N/A       1%          2
 Fugue of the Fallen      Necr           75%        N/A       1%          3
 Curse of Agony           Necr           75%        N/A       2%          5
 Anguish                  Hex/Necr       26%        N/A       6%          4
 Ensorcelled Hibernation  Hex/Ice        24%        N/A       8%          2
 Lesser Beckoning         Tloc           24%        N/A       8%          2
 Brom's Barrelling Bould  Conj/Erth      32%        2d5       10%         4
 Confusing Touch          Hex            12%        N/A       14%         3
 Gell's Gravitas          Tloc           12%        N/A       14%         3
 Inner Flame              Hex/Fire       12%        N/A       14%         3
 Teleport Other           Tloc           12%        N/A       14%         3
 Tukima's Dance           Hex            12%        N/A       14%         3
 Volatile Blastmotes      Fire/Tloc      24%        2d12      14%         3
 Flame Wave               Conj/Fire      22%        2d8       22%         4
 Fulminant Prism          Conj/Alch      11%        3d8       22%         4
 Iskenderun's Mystic Bla  Conj/Tloc      22%        2d6       22%         4
 Passage of Golubria      Tloc           12%        N/A       43%         4
 Sticky Flame             Fire/Alch      12%        2d5       43%         4
 Yara's Violent Unravell  Hex/Alch       6%         3d5       80%         5


Dungeon Overview and Level Annotations

Branches:
Dungeon (7/15)             Temple (1/1) D:4

Altars:
Ashenzari
Cheibriados
Dithmenos
Elyvilon
Fedhas
Gozag
Hepliaklqana
Kikubaaqudgha
Makhleb
Nemelex Xobeh
Okawaru
Ru
Sif Muna
Trog
Uskayaw
Vehumet
Xom
Yredelemnul
Zin
The Shining One

Shops:
D:2 *

Annotations:
D:4 1 runed translucent door, Jase's ghost, amateur DrSh


Message History

You kill the sky beast!
Kikubaaqudgha accepts your kill.
Your Dodging skill increases to level 6!
m - a golden potion You see here a sky beast corpse.
A steam dragon comes into view. 2 orcs come into view.
The orc shouts!
You hear a shout!
The steam dragon hisses angrily.
An orc comes into view. It is wielding a +0 short sword.
An orc priest comes into view. It is wielding a +0 club.
Aiming: Stone Arrow (dangerous; 2% risk of failure)
Press: ? - help, Q - select action, (/) - cycle Shift-Dir - straight line, f - orc
Aim: an orc, wielding a +0 mace (74% to hit)
Okay, then.
Aiming: Stone Arrow (dangerous; 2% risk of failure)
Press: ? - help, Q - select action, (/) - cycle Shift-Dir - straight line, f - steam dragon
Aim: a steam dragon (ally target, 74% to hit)
The stone arrow hits the steam dragon!!
The steam dragon is heavily wounded.
The orc shouts!
The steam dragon breathes steam at you. The ball of steam hits you!
The ball of steam hits your ice beast zombie!
Aiming: Stone Arrow (dangerous; 2% risk of failure)
Press: ? - help, Q - select action, (/) - cycle Shift-Dir - straight line, f/p - steam dragon
Aim: a steam dragon (heavily wounded, catching its breath, ally target, 74% to hit)
The stone arrow hits the steam dragon!
The steam dragon is almost dead.
You are engulfed in a cloud of scalding steam.
A jelly comes into view.
The orc priest calls down the wrath of Beogh upon you.
Beogh smites you!
Your ice beast zombie is engulfed in a cloud of scalding steam.
You swap places.
You are engulfed in a cloud of scalding steam.
* * * LOW HITPOINT WARNING * * *
The orc hits your ice beast zombie but does no damage.
You are engulfed in a cloud of scalding steam.
You die...
Kikubaaqudgha rasps: "You have failed me!
Welcome... death!"

##...#######+##
#....#..!......
#....#§........
#....#§......oJ
#....#§D.......
#....#..o......
#+##.##Z# #
#.##§###...#
#..@........
#...........
#...........
########...#
...# ... ..


You could see a friendly ice beast zombie.

Vanquished Creatures
  Sigmund (D:3)
  Eustachio (D:4)
  Menkaure (D:4)
  A steam dragon (D:7)
  Duvessa (D:5)
  An orc warrior (D:6)
  An ice beast (D:7)
  A sky beast (D:7)
  2 centaurs
  3 ogres
  2 phantoms
  2 scorpions
  Dowan (D:5)
  A howler monkey (D:6)
  A bombardier beetle (D:3)
  3 hounds
  2 orc priests (D:6)
  A gnoll bouda (D:6)
  A sleepcap (D:4)
  A jelly (D:5)
  5 iguanas
  6 orc wizards
  3 gnolls
  4 river rats (D:5)
  4 adders
  An ufetubus (D:5)
  A ribbon worm (D:2)
  17 orcs
  9 endoplasms
  A giant cockroach (D:3)
  7 goblins
  A hobgoblin (D:2)
  6 jackals
  5 kobolds
  A quokka (D:2)
  3 ball pythons
  A bat (D:2)
  A frilled lizard (D:2)
  4 rats
108 creatures vanquished.

Vanquished Creatures (collateral kills)
  A gnoll (D:6)
  An ufetubus (D:5)
  4 orcs
6 creatures vanquished.

Vanquished Creatures (others)
  2 scorpion zombies
  An ogre zombie (D:5)
  A hound zombie (D:6)
  2 gnoll zombies (D:6)
  A jelly zombie (D:5)
  10 orc zombies
  A river rat zombie (D:5)
18 creatures vanquished.

Grand Total: 132 creatures vanquished

Notes
Turn   | Place    | Note
-------+----------+-------------------------------------------
     0 | D:1      | sasquatch the Deep Elf Necromancer began the quest for the
                  | Orb.
     0 | D:1      | Reached XP level 1. HP: 10/10 MP: 6/6
   119 | D:1      | Reached skill level 5 in Necromancy
   119 | D:1      | Reached XP level 2. HP: 15/15 MP: 5/8
   633 | D:1      | Found a faded altar of an unknown god.
   920 | D:2      | Learned a level 1 spell: Sandblast
   965 | D:2      | Found Jiemale's Assorted Antiques.
   987 | D:2      | Reached XP level 3. HP: 19/19 MP: 7/10
  1560 | D:2      | Reached skill level 4 in Spellcasting
  1999 | D:3      | Reached XP level 4. HP: 24/24 MP: 7/12
  2062 | D:3      | Reached skill level 1 in Earth Magic
  2079 | D:3      | Noticed Sigmund
  2294 | D:3      | Killed Sigmund
  2295 | D:3      | Reached skill level 5 in Spellcasting
  2295 | D:3      | Reached XP level 5. HP: 17/28 MP: 5/14
  2295 | D:3      | Reached XP level 6. HP: 20/32 MP: 5/16
  2395 | D:3      | Learned a level 4 spell: Animate Dead
  2759 | D:3      | Learned a level 3 spell: Vampiric Draining
  2763 | D:3      | Learned a level 3 spell: Stone Arrow
  3230 | D:4      | Found a staircase to the Ecumenical Temple.
  3242 | D:4      | Reached skill level 6 in Spellcasting
  3252 | Temple   | Entered the Ecumenical Temple
  3261 | Temple   | Became a worshipper of Kikubaaqudgha
  3380 | D:4      | Noticed Eustachio
  3384 | D:4      | Reached XP level 7. HP: 36/36 MP: 13/18
  3545 | D:4      | Identified the +3 scale mail "Xuatiaph" {+Inv}
  3652 | D:4      | Noticed Menkaure
  3657 | D:4      | Killed Menkaure
  3658 | D:4      | Reached skill level 1 in Conjurations
  3844 | D:4      | Found a runed translucent door.
  3844 | D:4      | Noticed Jase's ghost (amateur DrSh)
  3947 | D:4      | Killed Eustachio
  3948 | D:4      | Reached skill level 7 in Spellcasting
  4190 | D:4      | Learned a level 3 spell: Passwall
  4191 | D:5      | Entered Level 5 of the Dungeon
  4266 | D:5      | Found a snail-covered altar of Cheibriados.
  4297 | D:5      | Reached skill level 8 in Spellcasting
  4297 | D:5      | Reached XP level 8. HP: 35/41 MP: 7/22
  4613 | D:5      | Reached * piety under Kikubaaqudgha
  4613 | D:5      | Received a gift from Kikubaaqudgha
  4627 | D:5      | Noticed Duvessa
  4629 | D:5      | Noticed Dowan
  4637 | D:5      | Killed Dowan
  4638 | D:5      | Reached skill level 9 in Spellcasting
  4638 | D:5      | Killed Duvessa
  4793 | D:5      | Reached skill level 10 in Spellcasting
  5831 | D:6      | Reached skill level 5 in Dodging
  5831 | D:6      | Reached XP level 9. HP: 31/45 MP: 22/25
  6076 | D:6      | Learned a level 4 spell: Dispel Undead
  6393 | D:7      | Engulfed by a steam dragon's steam

Illustrated notes

Levels and vault maps discovered:
D:1:      evilmike_arrival_home_sweet_home, layout_rooms,
          shapermc_ecumenical_altar_mp_urbaneastern, nrook_loot_triangle,
          minivault_5, minivault_25
D:2:      layout_basic, serial_shops, shop
D:3:      layout_basic, uniq_sigmund
D:4:      layout_layer_cave, minmay_temple_entry_mini_moons,
          gammafunk_ghost_grave, uniq_menkaure, uniq_eustachio
D:5:      wad_woods_stonehenge, layout_cave_pools, uniq_duvessa
D:6:      layout_loops_cross, kennysheep_small_square
D:7:      layout_gridville, serial_shops, shop
Temple:   nicolae_temple_bog_church

Skill      XL: |  1  2  3  4  5  6  7  8  9 |
---------------+----------------------------+-----
Necromancy     | 5 6 7 8 9 |  9.8
Spellcasting   | 4 5 6 8 10 | 10.0
Earth Magic    | 2 3 4 |  4.0
Conjurations   | 3 4 |  4.0
Dodging        | 5 6 |  6.1
Stealth        | |  2.4

Action                     |  1- 3 |  4- 6 |  7- 9 || total
---------------------------+-------+-------+-------++-------
  Melee: Dagger            |     1 |       |       ||     1
   Cast: Necrotise         |    61 |    54 |    23 ||   138
         Sandblast         |       |     8 |    90 ||    98
         Stone Arrow       |       |     1 |    12 ||    13
         Animate Dead      |       |       |     5 ||     5
         Passwall          |       |       |     1 ||     1
    Use: Scroll            |       |       |     5 ||     5
         Potion            |       |       |     1 ||     1
 Armour: Robe              |     6 |     8 |    45 ||    59
  Dodge: Dodged            |     6 |     7 |    66 ||    79
